TOP OF THE 1ST |
Birmingham Steeldogs batting - Pitching for Kansas City Kings : LHP Francisco Morales
|
Pitching: LHP Francisco Morales
|
|
Batting: RHB Nick Webb
|
0-0: Called Strike 0-1: Ball 1-1: Ground out 6-3 (Groundball, 6)
|
Batting: RHB Sixto Vélez
|
0-0: Called Strike 0-1: Ball 1-1: Foul Ball, location: 2F 1-2: Ball 2-2: Ground out 5-3 (Groundball, 56S)
|
Batting: LHB Ashley Pickhills
|
0-0: Ball 1-0: Called Strike 1-1: SINGLE (Groundball, 4MD)
|
Batting: RHB Valentín Borges
|
0-0: Ball 1-0: Called Strike 1-1: 2-RUN HOME RUN (Flyball, 9D), Distance : 388 ft
|
Batting: LHB José Hernández
|
0-0: Fly out, F3 (Line Drive, 3)
|
Top of the 1st over - 2 run(s), 2 hit(s), 0 error(s), 0 left on base; Birmingham 2 - Kansas City 0 |
BOTTOM OF THE 1ST |
Kansas City Kings batting - Pitching for Birmingham Steeldogs : RHP Barton Johnson
|
Pitching: RHP Barton Johnson
|
|
Batting: LHB Brian Boone
|
0-0: Called Strike 0-1: Foul Ball, location: 2F 0-2: Ground out 1-3 (Groundball, P)
|
Batting: RHB Keitaro Suzuki
|
0-0: Ball 1-0: Ball 2-0: Called Strike 2-1: SINGLE (Flyball, 9LS)
|
Batting: RHB Toshimichi Kono
|
0-0: Ball 1-0: Ball Keitaro Suzuki is caught stealing 2nd base 2-0: Ball 3-0: Base on Balls
|
Batting: LHB Pablo Reyes
|
0-0: Ball 1-0: Called Strike 1-1: Ball 2-1: Fielders Choice at 2nd, 4-6 (Groundball, 34)
|
Bottom of the 1st over - 0 run(s), 1 hit(s), 0 error(s), 0 left on base; Birmingham 2 - Kansas City 0 |
TOP OF THE 2ND |
Birmingham Steeldogs batting - Pitching for Kansas City Kings : LHP Francisco Morales
|
Batting: LHB José Martínez
|
0-0: Ball 1-0: Ball 2-0: Swinging Strike 2-1: Foul Ball, location: 2F 2-2: Ball 3-2: Strikes out swinging
|
Batting: RHB Carlos García
|
0-0: Foul Ball, location: 2F 0-1: Called Strike 0-2: Ball 1-2: Foul Ball, location: 2F 1-2: Strikes out looking
|
Batting: LHB José Rivera
|
0-0: Swinging Strike 0-1: Ball 1-1: Ball 2-1: Swinging Strike 2-2: Strikes out swinging
|
Top of the 2nd over - 0 run(s), 0 hit(s), 0 error(s), 0 left on base; Birmingham 2 - Kansas City 0 |
BOTTOM OF THE 2ND |
Kansas City Kings batting - Pitching for Birmingham Steeldogs : RHP Barton Johnson
|
Batting: RHB Chris Chandler
|
0-0: Called Strike 0-1: Foul Ball, location: 2F 0-2: DOUBLE (Line Drive, 7LS)
|
Batting: LHB Bruno Lalonde
|
0-0: Ground out 3-1 (Groundball, 34) Chris Chandler to third
|
Batting: SHB José Cruz
|
0-0: Swinging Strike 0-1: Ball 1-1: Swinging Strike 1-2: Ball 2-2: Strikes out swinging
|
Batting: SHB António De La Cruz
|
0-0: Called Strike 0-1: DOUBLE (Groundball, 3L) Chris Chandler scores
|
Batting: RHB Raúl Bruno
|
0-0: Called Strike 0-1: Foul Ball, location: 2F 0-2: Fly out, F7 (Flyball, 7)
|
Bottom of the 2nd over - 1 run(s), 2 hit(s), 0 error(s), 1 left on base; Birmingham 2 - Kansas City 1 |
TOP OF THE 3RD |
Birmingham Steeldogs batting - Pitching for Kansas City Kings : LHP Francisco Morales
|
Batting: LHB John Haney
|
0-0: Ball 1-0: Foul Ball, location: 2F 1-1: Called Strike 1-2: Strikes out swinging
|
Batting: RHB Nick Webb
|
0-0: Foul Ball, location: 2F 0-1: Fly out, F8 (Line Drive, 8RD)
|
Batting: RHB Sixto Vélez
|
0-0: Ball 1-0: Ball 2-0: Ball 3-0: Called Strike 3-1: Foul Ball, location: 2F 3-2: SINGLE (Groundball, 56D)
|
Batting: LHB Ashley Pickhills
|
0-0: Ball 1-0: Fielders Choice at 2nd, 4-6 (Groundball, 4)
|
Top of the 3rd over - 0 run(s), 1 hit(s), 0 error(s), 0 left on base; Birmingham 2 - Kansas City 1 |
BOTTOM OF THE 3RD |
Kansas City Kings batting - Pitching for Birmingham Steeldogs : RHP Barton Johnson
|
Batting: LHB Brian Boone
|
0-0: Called Strike 0-1: Ball 1-1: Ball 2-1: Called Strike 2-2: Foul Ball, location: 2F 2-2: Fly out, F8 (Flyball, 8RS)
|
Batting: RHB Keitaro Suzuki
|
0-0: Swinging Strike 0-1: Foul Ball, location: 2F 0-2: Strikes out looking
|
Batting: RHB Toshimichi Kono
|
0-0: Foul Ball, location: 2F 0-1: Ball 1-1: Swinging Strike 1-2: Ball 2-2: Ball 3-2: Base on Balls
|
Batting: LHB Pablo Reyes
|
0-0: Ground out 4-3 (Groundball, 34)
|
Bottom of the 3rd over - 0 run(s), 0 hit(s), 0 error(s), 1 left on base; Birmingham 2 - Kansas City 1 |
TOP OF THE 4TH |
Birmingham Steeldogs batting - Pitching for Kansas City Kings : LHP Francisco Morales
|
Batting: RHB Valentín Borges
|
0-0: Ground out 1-3 (Groundball, 13S)
|
Batting: LHB José Hernández
|
0-0: Ball 1-0: Foul Ball, location: 2F 1-1: Ball 2-1: Ground out 4-3 (Groundball, 4)
|
Batting: LHB José Martínez
|
0-0: Foul Ball, location: 2F 0-1: Ground out 4-3 (Groundball, 4)
|
Top of the 4th over - 0 run(s), 0 hit(s), 0 error(s), 0 left on base; Birmingham 2 - Kansas City 1 |
BOTTOM OF THE 4TH |
Kansas City Kings batting - Pitching for Birmingham Steeldogs : RHP Barton Johnson
|
Batting: RHB Chris Chandler
|
0-0: Ball 1-0: Ground out 6-3 (Groundball, 6)
|
Batting: LHB Bruno Lalonde
|
0-0: Ball 1-0: Called Strike 1-1: TRIPLE (Groundball, 3L)
|
Batting: SHB José Cruz
|
0-0: Ball 1-0: Ball 2-0: Ground out 1-3 (Groundball, 13)
|
Batting: SHB António De La Cruz
|
0-0: Fly out, F4 (Popup, 4MD)
|
Bottom of the 4th over - 0 run(s), 1 hit(s), 0 error(s), 1 left on base; Birmingham 2 - Kansas City 1 |
TOP OF THE 5TH |
Birmingham Steeldogs batting - Pitching for Kansas City Kings : LHP Francisco Morales
|
Batting: RHB Carlos García
|
0-0: Ball 1-0: Called Strike 1-1: Swinging Strike 1-2: Strikes out swinging
|
Batting: LHB José Rivera
|
0-0: Ball 1-0: Ball 2-0: Called Strike 2-1: Swinging Strike 2-2: DOUBLE (Groundball, 3L)
|
Batting: LHB John Haney
|
0-0: Called Strike 0-1: Called Strike 0-2: Ball 1-2: Ball 2-2: Foul Ball, location: 2F 2-2: Strikes out swinging
|
Batting: RHB Nick Webb
|
0-0: Called Strike 0-1: Swinging Strike 0-2: Ground out 4-3 (Groundball, 4M)
|
Top of the 5th over - 0 run(s), 1 hit(s), 0 error(s), 1 left on base; Birmingham 2 - Kansas City 1 |
BOTTOM OF THE 5TH |
Kansas City Kings batting - Pitching for Birmingham Steeldogs : RHP Barton Johnson
|
Batting: RHB Raúl Bruno
|
0-0: Ball 1-0: Foul Ball, location: 2F 1-1: Swinging Strike 1-2: Ball 2-2: Ball 3-2: SINGLE (Groundball, 56) (infield hit)
|
Batting: LHB Brian Boone
|
0-0: Ball 1-0: Called Strike 1-1: Ball 2-1: 2-RUN HOME RUN (Flyball, 89XD), Distance : 388 ft
|
Batting: RHB Keitaro Suzuki
|
0-0: Fly out, F7 (Flyball, 78D)
|
Batting: RHB Toshimichi Kono
|
0-0: Ball 1-0: Called Strike 1-1: Foul Ball, location: 2F 1-2: Fly out, F8 (Flyball, 8LD)
|
Batting: LHB Pablo Reyes
|
0-0: Ball 1-0: Ball 2-0: Foul Ball, location: 2F 2-1: Ball 3-1: Called Strike 3-2: Foul Ball, location: 2F 3-2: SINGLE (Line Drive, 3D)
|
Batting: RHB Chris Chandler
|
0-0: Foul Ball, location: 2F 0-1: Ball 1-1: Ball 2-1: Foul Ball, location: 2F 2-2: Foul Ball, location: 2F 2-2: Fly out, F6 (Line Drive, 6)
|
Bottom of the 5th over - 2 run(s), 3 hit(s), 0 error(s), 1 left on base; Birmingham 2 - Kansas City 3 |
TOP OF THE 6TH |
Birmingham Steeldogs batting - Pitching for Kansas City Kings : LHP Francisco Morales
|
Batting: RHB Sixto Vélez
|
0-0: Called Strike 0-1: Ball 1-1: DOUBLE (Groundball, 5L)
|
Batting: LHB Ashley Pickhills
|
0-0: Ball 1-0: Fly out, F9 (Flyball, 9S)
|
Batting: RHB Valentín Borges
|
0-0: Swinging Strike 0-1: Called Strike 0-2: Strikes out looking
|
Batting: LHB José Hernández
|
0-0: Swinging Strike 0-1: Foul Ball, location: 2F 0-2: Foul Ball, location: 2F 0-2: Foul Ball, location: 2F 0-2: Strikes out looking
|
Top of the 6th over - 0 run(s), 1 hit(s), 0 error(s), 1 left on base; Birmingham 2 - Kansas City 3 |
BOTTOM OF THE 6TH |
Kansas City Kings batting - Pitching for Birmingham Steeldogs : RHP Barton Johnson
|
Batting: LHB Bruno Lalonde
|
0-0: SINGLE (Groundball, 56D)
|
Batting: SHB José Cruz
|
0-0: Ball 1-0: Called Strike Bruno Lalonde steals 2nd base 1-1: Intentional Walk
|
Batting: SHB António De La Cruz
|
0-0: Ball 1-0: Called Strike 1-1: Called Strike 1-2: SINGLE (Groundball, 4S) (infield hit) Bruno Lalonde to third José Cruz to second
|
Batting: RHB Raúl Bruno
|
0-0: Fly out, F9 (Flyball, 9S)
|
Batting: LHB Brian Boone
|
0-0: Called Strike 0-1: Ball 1-1: Grounds into fielders choice 1-2 (Groundball, 13) José Cruz to third António De La Cruz to second
|
Batting: RHB Keitaro Suzuki
|
0-0: SINGLE (Groundball, 56D) José Cruz scores António De La Cruz to third Brian Boone to second Runner from 3rd tries for Home, SAFE, no throw
|
Pitching: RHP Ken Lyons
|
|
Batting: RHB Toshimichi Kono
|
0-0: Ball 1-0: Swinging Strike 1-1: Ball 2-1: Foul Ball, location: 2F 2-2: Ball 3-2: SINGLE (Groundball, 6MD) Brian Boone to third Keitaro Suzuki to second Brian Boone scores Keitaro Suzuki to third
|
Batting: LHB Pablo Reyes
|
0-0: Ground out U3 (Groundball, 3)
|
Bottom of the 6th over - 3 run(s), 4 hit(s), 0 error(s), 2 left on base; Birmingham 2 - Kansas City 6 |
TOP OF THE 7TH |
Birmingham Steeldogs batting - Pitching for Kansas City Kings : LHP Francisco Morales
|
Batting: LHB José Martínez
|
0-0: Ball 1-0: Foul Ball, location: 2F 1-1: Swinging Strike 1-2: Foul Ball, location: 2F 1-2: Foul Ball, location: 2F 1-2: Ball 2-2: Ball 3-2: Foul Ball, location: 2F 3-2: Foul Ball, location: 2F 3-2: Base on Balls
|
Batting: RHB Carlos García
|
0-0: Called Strike 0-1: Ball 1-1: Foul Ball, location: 2F 1-2: Strikes out swinging
|
Batting: LHB José Rivera
|
0-0: Ball 1-0: Ball 2-0: Foul Ball, location: 2F 2-1: Ball 3-1: Swinging Strike 3-2: Strikes out swinging
|
Batting: LHB John Haney
|
0-0: Ball 1-0: Ground out 5-3 (Groundball, 56)
|
Top of the 7th over - 0 run(s), 0 hit(s), 0 error(s), 1 left on base; Birmingham 2 - Kansas City 6 |
BOTTOM OF THE 7TH |
Kansas City Kings batting - Pitching for Birmingham Steeldogs : RHP Ken Lyons
|
Batting: RHB Chris Chandler
|
0-0: Ball 1-0: Ball 2-0: Ball 3-0: Base on Balls
|
Batting: LHB Bruno Lalonde
|
0-0: Bunted foul 0-1: Ball 1-1: Bunted foul 1-2: Ball 2-2: 2-RUN HOME RUN (Flyball, 9LD), Distance : 363 ft
|
Batting: SHB José Cruz
|
0-0: Foul Ball, location: 2F 0-1: Ball 1-1: Ground out U3 (Groundball, 34)
|
Batting: SHB António De La Cruz
|
0-0: Swinging Strike 0-1: Fly out, F7 (Flyball, 7LS)
|
Batting: RHB Raúl Bruno
|
0-0: Ball 1-0: Called Strike 1-1: Ball 2-1: Ball 3-1: Base on Balls
|
Batting: LHB Brian Boone
|
0-0: Swinging Strike 0-1: Called Strike 0-2: Foul Ball, location: 2F 0-2: Ball 1-2: SINGLE (Groundball, 34S) (infield hit) Raúl Bruno to second
|
Batting: RHB Keitaro Suzuki
|
0-0: Ball 1-0: Called Strike 1-1: Ball 2-1: Fly out, F4 (Line Drive, 4)
|
Bottom of the 7th over - 2 run(s), 2 hit(s), 0 error(s), 2 left on base; Birmingham 2 - Kansas City 8 |
TOP OF THE 8TH |
Birmingham Steeldogs batting - Pitching for Kansas City Kings : LHP Francisco Morales
|
Pitching: RHP Nariaki Tanaka
|
|
Batting: RHB Nick Webb
|
0-0: Ball 1-0: Foul Ball, location: 2F 1-1: SINGLE (Groundball, 6MD)
|
Batting: RHB Sixto Vélez
|
0-0: Ball 1-0: Foul Ball, location: 2F 1-1: Swinging Strike 1-2: Fly out, F9 (Flyball, 9S)
|
Batting: LHB Ashley Pickhills
|
0-0: Ball 1-0: Fly out, F9 (Flyball, 89S)
|
Batting: RHB Valentín Borges
|
0-0: Swinging Strike 0-1: Ball 1-1: Called Strike 1-2: Strikes out swinging
|
Top of the 8th over - 0 run(s), 1 hit(s), 0 error(s), 1 left on base; Birmingham 2 - Kansas City 8 |
BOTTOM OF THE 8TH |
Kansas City Kings batting - Pitching for Birmingham Steeldogs : RHP Ken Lyons
|
Batting: RHB Toshimichi Kono
|
0-0: Ball 1-0: Ball 2-0: Fly out, F8 (Line Drive, 8RD)
|
Batting: LHB Pablo Reyes
|
0-0: Foul Ball, location: 2F 0-1: Ground out 6-3 (Groundball, 6)
|
Batting: RHB Chris Chandler
|
0-0: Foul Ball, location: 2F 0-1: DOUBLE (Groundball, 5L)
|
Batting: LHB Bruno Lalonde
|
0-0: Called Strike 0-1: Ball 1-1: Fly out, F8 (Flyball, 8LXD)
|
Bottom of the 8th over - 0 run(s), 1 hit(s), 0 error(s), 1 left on base; Birmingham 2 - Kansas City 8 |
TOP OF THE 9TH |
Birmingham Steeldogs batting - Pitching for Kansas City Kings : RHP Nariaki Tanaka
|
Batting: LHB José Hernández
|
0-0: Foul Ball, location: 2F 0-1: Ball 1-1: Foul Ball, location: 2F 1-2: Foul Ball, location: 2F 1-2: Ball 2-2: Foul Ball, location: 2F 2-2: Ball 3-2: Ground out U3 (Groundball, 3)
|
Batting: LHB José Martínez
|
0-0: Called Strike 0-1: Fly out, F8 (Flyball, 8LD)
|
Batting: RHB Carlos García
|
0-0: Single, Error in OF, E8, batter to second base
|
Batting: LHB José Rivera
|
0-0: Ball 1-0: Ball 2-0: Ball 3-0: Called Strike 3-1: Fly out, F1 (Line Drive, 15)
|
Top of the 9th over - 0 run(s), 1 hit(s), 1 error(s), 1 left on base; Birmingham 2 - Kansas City 8 |
|